AoeStats
← johnnyt27

Arabia

510626734Analyzed
4v4 RM · 1d ago on Oct 1, 2026· 51m 11s· 8 players
Game mode
Random Map
Map size
Large (8 player)
Population
200
Speed
Normal
Resources
Standard
Victory
Conquest
Starting age
Dark Age
Ending age
Imperial Age
RankedLock teamsTeams togetherTeam positionsShared explorationLock speedFull tech treeHidden civsTurbo modeCheats
Victory
Defeat
🇲🇽 Huns · Mexico
724
+14
🇵🇱 Sicilians · Poland
690
+16
🇺🇸 Burmese · United States
676
+16
🇲🇽 Sicilians · Mexico
659
+17
🇫🇷 Britons · France
795
-20
🇫🇷 Franks · France
767
-19
🇧🇷 Chinese · Brazil
674
-15
🇺🇸 Khmer · United States
511
-9
checoc
0:52 Loom
11:18 Feudal Age
14:02 Wheelbarrow
13:13 Town Watch
18:20 Horse Collar
32:34 Castle Age
36:41 Hand Cart
36:28 Town Patrol
36:44 Stone Mining
36:45 Gold Mining
36:59 Heavy Plow
37:16 Forging
37:06 Scale Mail Armor
43:18 Murder Holes
43:14 Heated Shot
43:45 Ballistics
44:00 Ballistics
46:08 Pikeman
51:39 Chain Mail Armor
51:51 Masonry
Peyotl
1:57 Loom
15:41 Feudal Age
18:00 Wheelbarrow
17:25 Double-Bit Axe
17:23 Horse Collar
17:37 Gold Mining
17:42 Stone Mining
17:40 Arson
18:40 Bloodlines
17:56 Man-at-Arms
20:46 Forging
21:46 Scale Barding Armor
22:39 Scale Mail Armor
23:32 Padded Archer Armor
25:18 Fletching
28:19 Castle Age
28:47 Light Cavalry
28:49 Pikeman
29:48 Hand Cart
29:44 Heavy Plow
30:23 Gold Shaft Mining
30:21 Husbandry
30:29 Squires
31:23 Bow Saw
31:35 Long Swordsman
31:57 Elite Skirmisher
35:00 Iron Casting
37:35 Chain Mail Armor
38:46 Chain Barding Armor
38:30 Marauders
39:37 Bodkin Arrow
40:22 Murder Holes
40:43 Leather Archer Armor
41:50 Masonry
43:18 Coinage
44:25 Ballistics
44:07 Caravan
johnnyt27
14:19 Feudal Age
12:36 Loom
19:05 Fletching
21:32 Castle Age
20:26 Padded Archer Armor
22:50 Bodkin Arrow
24:08 Elite Skirmisher
26:47 Forging
26:57 Horse Collar
31:02 Bloodlines
32:17 Scale Mail Armor
32:52 Iron Casting
33:49 Chain Mail Armor
33:41 Scale Barding Armor
37:14 Heavy Plow
37:05 Gold Mining
37:05 Stone Mining
38:45 Husbandry
42:50 Imperial Age
40:45 Fortified Wall
44:34 Bracer
45:34 Blast Furnace
44:55 Chain Barding Armor
47:28 Conscription
47:12 Manipur Cavalry
47:40 Conscription
46:51 Cavalier
Mlodov
0:40 Loom
10:52 Feudal Age
12:01 Double-Bit Axe
16:21 Wheelbarrow
20:28 Fletching
25:05 Horse Collar
29:03 Scale Mail Armor
35:59 Town Watch
45:55 Castle Age
MoldyShelf59466
0:29 Loom
12:24 Feudal Age
14:30 Wheelbarrow
17:57 Stone Mining
27:05 Man-at-Arms
29:52 Horse Collar
30:33 Fletching
31:52 Double-Bit Axe
32:22 Forging
33:20 Bloodlines
39:03 Scale Barding Armor
39:00 Scale Mail Armor
41:36 Castle Age
43:45 Iron Casting
43:59 Bow Saw
43:52 Heavy Plow
49:10 Tusk Swords
51:40 Ballistics
•SHS - Léo
0:41 Loom
11:42 Feudal Age
12:13 Double-Bit Axe
12:22 Gold Mining
15:29 Man-at-Arms
26:07 Castle Age
24:30 Arson
25:21 Forging
25:12 Scale Mail Armor
25:17 Scale Barding Armor
25:34 Stone Mining
26:44 Bloodlines
27:51 Husbandry
33:17 Gold Shaft Mining
32:54 Bow Saw
Lazy Red Panda
7:30 Loom
10:02 Feudal Age
16:22 Fletching
16:33 Padded Archer Armor
23:06 Castle Age
24:26 Bodkin Arrow
26:29 Leather Archer Armor
25:54 Crossbowman
36:20 Forging
36:30 Double-Bit Axe
39:48 Imperial Age
38:49 Ballistics
38:43 Horse Collar
39:07 Gold Mining
40:43 Gold Shaft Mining
40:27 Bow Saw
42:50 Arbalester
48:39 Ring Archer Armor
48:10 Bracer
48:49 Wheelbarrow
48:00 Town Watch
47:46 Pikeman
48:26 Squires
48:32 Halberdier
benjiwoo
6:32 Loom
9:08 Feudal Age
9:39 Double-Bit Axe
21:12 Castle Age
20:26 Scale Barding Armor
20:32 Forging
20:40 Gold Mining
22:05 Husbandry
23:37 Wheelbarrow
23:16 Bow Saw
23:45 Gold Shaft Mining
25:22 Iron Casting
27:45 Hand Cart
28:23 Scale Mail Armor
28:46 Chain Barding Armor
28:04 Pikeman
28:45 Squires
28:56 Town Watch
32:35 Town Patrol
35:51 Imperial Age
33:53 Scale Mail Armor
36:29 Cavalier
38:22 Conscription
38:32 Squires
39:11 Plate Barding Armor
39:36 Blast Furnace
38:30 Stone Mining
40:28 Chivalry
39:52 Capped Ram
40:51 Halberdier
40:56 Paladin
42:57 Treadmill Crane
44:17 Chemistry
43:38 Ballistics
43:16 Murder Holes
43:32 Fortified Wall
43:11 Halberdier
46:15 Blast Furnace
45:31 Chain Mail Armor
48:21 Caravan
48:53 Plate Mail Armor
48:11 Gambesons
50:35 Ballistics
50:26 Masonry
50:22 Siege Engineers
Connection lost

Rejoining the realm…

Still unreachable

The connection could not be restored.

Session expired

The server has moved on; the page needs a fresh start.